 Dungeon Crawl Stone Soup version 0.24.0-13-gcf9b319 (webtiles) character file.

Game seed: 13988037113378103221, levelgen mode: deterministic

6351 Bronimir the Reanimator (level 10, -3/85 HPs)
             Began as a Deep Dwarf Necromancer on Apr 22, 2020.
             Was a Follower of Makhleb.
             Slain by a catoblepas (12 damage)
             ... while petrified by you
             ... on level 9 of the Dungeon.
             The game lasted 00:33:36 (10952 turns).

Bronimir the Reanimator (Deep Dwarf Necromancer)   Turns: 10952, Time: 00:33:36

Health: -3/85      AC: 11    Str: 14    XL:     10   Next: 65%
Magic:  2/27 (18)  EV:  2    Int: 20    God:    Makhleb [*.....]
Gold:   921        SH:  0    Dex: 13    Spells: 10/22 levels left

rFire    . . .     SeeInvis .   a - +3 battleaxe (vamp)
rCold    . . .     Gourm    .   (shield currently unavailable)
rNeg     + + +     Faith    .   O - +1 scale mail of the End {Int+3}
rPois    ∞         Spirit   .   (no helmet)
rElec    .         Reflect  .   k - +1 cloak
rCorr    +         Harm     .   f - +0 pair of gloves
MR       +....                  (no boots)
Stlth    +.........             (no amulet)
HPRegen  0.00/turn              g - ring of magical power
MPRegen  0.20/turn              z - ring of resist corrosion

@: petrified, non-regenerating, heavily drained
A: damage resistance, heal wounds, sense surroundings 2, no regeneration
a: Heal Wounds, Renounce Religion


You were on level 9 of the Dungeon.
You worshipped Makhleb.
Makhleb was aware of your devotion.
You were hungry.

You visited 2 branches of the dungeon, and saw 10 of its levels.
You also visited: Ossuary.

You collected 936 gold pieces.
You spent 15 gold pieces at shops.

Inventory:

Hand Weapons
 a - a +3 vampiric battleaxe (weapon)
 b - a +2 hand crossbow of flaming
 e - a +2 hunting sling of velocity
 y - a +1 spear of flaming
 F - a +1 dire flail of protection
 L - a +4 quarterstaff of chaos
 N - a +0 hunting sling
 R - a +0 broad axe
 U - a +0 battleaxe
Missiles
 i - 165 arrows
 o - 292 stones
 v - 95 sling bullets
 A - 18 javelins (quivered)
 E - 102 bolts
 K - 25 poisoned darts
Armour
 f - a +0 pair of gloves (worn)
 h - a +0 leather armour
 k - a +1 cloak (worn)
 q - a +0 shield
 s - a +0 robe
 G - a +0 ring mail
 I - a +0 pair of boots
 O - the +1 scale mail of the End (worn) {Int+3}
   (You found it on level 6 of the Dungeon)

   It affects your intelligence (+3).
Jewellery
 d - a +5 ring of strength {unknown}
 g - a ring of magical power (left hand)
 u - a +3 ring of protection {unknown}
 z - a ring of resist corrosion (right hand)
 W - the ring "Hiomot" {+Fly rPois rC+ Int+2, unknown}
   (You found it on level 7 of the Dungeon)

   [ring of poison resistance]

   It affects your intelligence (+2).
   It protects you from cold.
   It protects you from poison.
   It lets you fly.
Wands
 j - a wand of iceblast (8)
Scrolls
 l - 5 scrolls of teleportation
 m - 6 scrolls of identify
 r - 2 scrolls of magic mapping
 t - a scroll of fear
 x - 2 scrolls of remove curse
 C - 2 scrolls of enchant armour
 H - 3 scrolls of immolation
 T - 3 scrolls of amnesia
Potions
 n - 4 potions of curing
 p - 4 potions of ambrosia
 w - a potion of invisibility {unknown}
 B - a potion of magic {unknown}
 D - a potion of brilliance
 J - a potion of lignification {unknown}
 M - 2 potions of heal wounds {unknown}
 S - a potion of haste {unknown}
Comestibles
 c - 17 rations
 P - 4 chunks of flesh


   Skills:
 * Level 3.7(2.6) Fighting
 * Level 7.3(6.0) Axes
 + Level 0.4(2.5) Polearms
 + Level 1.6(0.5) Slings
 + Level 0.6(0.0) Crossbows
 + Level 5.8(4.6) Armour
 + Level 3.5(2.3) Dodging
 + Level 3.4(2.2) Stealth
 - Level 4.0(2.8) Shields
 * Level 6.7(5.4) Spellcasting
 * Level 9.6(8.3) Necromancy
 * Level 4.0(2.8) Invocations
 * Level 2.2(1.1) Evocations


You had 10 spell levels left.
You knew the following spells:

 Your Spells              Type           Power        Failure   Level  Hunger
a - Pain                  Necr           ####         1%          1    None
b - Animate Skeleton      Necr           N/A          1%          1    None
c - Vampiric Draining     Necr           #####.....   4%          3    ##.....
d - Animate Dead          Necr           N/A          14%         4    ####...
e - Dazzling Spray        Conj/Hex       #.....       78%         3    ##.....

Your spell library contained the following spells:

 Spells                   Type           Power        Failure   Level  Hunger
 Corona                   Hex            #......      41%         1    None
 Sting                    Conj/Pois      #...         41%         1    None
 Ensorcelled Hibernation  Hex/Ice        #.....       54%         2    None
 Poisonous Vapours        Pois/Air       #.....       54%         2    None
 Confuse                  Hex            #.......     78%         3    ##.....
 Mephitic Cloud           Conj/Pois/Air  #.......     78%         3    ##.....
 Tukima's Dance           Hex            #.......     78%         3    ##.....
 Olgreb's Toxic Radiance  Pois           #.......     99%         4    ####...
 Venom Bolt               Conj/Pois      #.........   100%        5    #####..
 Regeneration             Chrm/Necr      Unusable     N/A         3    N/A

Dungeon Overview and Level Annotations

Branches:
Dungeon (9/15)             Temple (1/1) D:6         Ossuary (visited)
   Lair: D:8-11         Orc: D:9-12

Altars:
Dithmenos
Gozag
Makhleb
Nemelex Xobeh
Qazlal
Ru
Sif Muna
Trog
Wu Jian
Zin
The Shining One
Jiyva

Shops:
D:4 *   D:5 *   D:9 *

Annotations:
D:8 3 runed translucent doors, skyle12's ghost, novice MiGl
D:9 3 runed translucent doors, mumawa's ghost, journeyman HaFi


Innate Abilities, Weirdness & Mutations

You are resistant to damage.
You can heal yourself by infusing magical energy.
You passively map the area around you.
You do not regenerate.


Message History

The phantom blinks!
The catoblepas breathes a plume of calcifying dust at you.
The blast of calcifying dust hits you but does no damage.
The catoblepas gores you!
You have turned to stone.
You are engulfed in calcifying dust.
The scorpion is engulfed in calcifying dust.
The scorpion is moving more slowly.
The scorpion stings you! The catoblepas gores you!
You are engulfed in calcifying dust.
The scorpion is engulfed in calcifying dust.
The scorpion stops moving altogether!
The catoblepas gores you!
* * * LOW HITPOINT WARNING * * *
You are engulfed in calcifying dust.
The catoblepas gores you!!
* * * LOW HITPOINT WARNING * * *
You are engulfed in calcifying dust.
The catoblepas gores you!!
* * * LOW HITPOINT WARNING * * *
The phantom hits you but does no damage.
The catoblepas gores you. The phantom hits you. The catoblepas gores you!!
You die...

.....##.)#..### ,
........###...# ,.,, *
#.......# #...#*## .# , ,
*,* #..###.## #§.###.#..
. , * ,
.....#.#####§.#..... #..
, ..........(.(.(.#*
*....,,,,
.......###......####.....
.......# #.##...#†...# *
,** ...##..# #.###..@W.##
*** ...#..## #.# #..sY..#
, * ...#...
,..##(..#......# ....#.#.
..###.##.....## .....##
(.............# ....>#
,.............## ...... ,
).........### ,,
.........## * ,, , ....
,..,


You could see a catoblepas, a phantom and a scorpion (petrified).

Vanquished Creatures
  Harold (D:8)
  A two-headed ogre (D:7)
  Joseph (D:8)
  Prince Ribbit (D:7)
  Grinder (D:5)
  A hippogriff (D:6)
  Eustachio (D:4)
  A wyvern (D:8)
  A hungry ghost (D:8)
  Menkaure (D:5)
  Edmund (D:4)
  A water moccasin (D:8)
  2 orc warriors (D:6)
  3 sky beasts
  2 ice beasts
  4 ogres
  A necrophage (D:7)
  5 centaurs
  A crocodile (D:8)
  A bullfrog (D:8)
  3 scorpions
  4 killer bees (D:8)
  10 wights
  A howler monkey (D:3)
  2 crimson imps
  3 hounds
  A jelly (D:7)
  A quasit (D:6)
  Crazy Yiuf (D:5)
  2 centaur skeletons (D:5)
  An orc priest (D:6)
  3 orc wizards
  Terence (D:3)
  5 worker ants
  A big kobold zombie (Ossuary)
  A hound zombie (D:9)
  A hound skeleton (D:4)
  2 mummies (Ossuary)
  A worker ant zombie (D:7)
  4 gnolls (D:2)
  A howler monkey skeleton (D:7)
  13 adders
  3 river rats (D:5)
  3 shadow imps
  3 oozes
  An adder skeleton (D:8)
  4 worms
  3 dart slugs
  7 leopard geckos
  17 orcs
  A ball python (D:1)
  12 giant cockroaches
  2 gnoll zombies (Ossuary)
  9 goblins
  13 hobgoblins
  12 jackals
  5 quokkas
  A ball python skeleton (D:4)
  6 bats
  5 frilled lizards
  2 goblin zombies (Ossuary)
  2 hobgoblin zombies (Ossuary)
  A jackal skeleton (D:8)
  14 kobolds
  7 orc zombies (Ossuary)
  A quokka skeleton (D:4)
  9 rats
  A toadstool (D:1)
237 creatures vanquished.

Vanquished Creatures (collateral kills)
  A big kobold (D:9)
  A crimson imp (D:8)
  2 hobgoblins
  A bat (D:1)
  A kobold (D:1)
6 creatures vanquished.

Vanquished Creatures (others)
  3 toadstools (D:1)
3 creatures vanquished.

Grand Total: 246 creatures vanquished

Notes
Turn   | Place    | Note
-------+----------+-------------------------------------------
     0 | D:1      | Bronimir the Deep Dwarf Necromancer began the quest for the
                  | Orb.
     0 | D:1      | Reached XP level 1. HP: 15/15 MP: 3/3
   237 | D:1      | Reached XP level 2. HP: 22/22 MP: 0/4
   279 | D:1      | Learned a level 1 spell: Animate Skeleton
   835 | D:1      | Reached XP level 3. HP: 25/28 MP: 4/6
   843 | D:1      | Learned a level 3 spell: Vampiric Draining
  1422 | D:2      | Reached skill level 5 in Necromancy
  1467 | D:2      | Reached skill level 1 in Armour
  1530 | D:2      | Reached XP level 4. HP: 34/36 MP: 7/7
  2548 | D:2      | Reached XP level 5. HP: 37/43 MP: 1/9
  3260 | D:3      | Noticed Terence
  3268 | D:3      | Killed Terence
  3268 | D:3      | Reached skill level 6 in Necromancy
  3671 | D:3      | Found a bloodstained altar of Trog.
  3725 | D:3      | Found a faded altar of an unknown god.
  4046 | D:4      | Noticed Edmund
  4055 | D:3      | Reached XP level 6. HP: 27/50 MP: 0/10
  4075 | D:3      | Reached skill level 1 in Axes
  4352 | D:4      | Noticed a sky beast
  4365 | D:4      | Killed a sky beast
  4365 | D:4      | Reached skill level 1 in Shields
  4628 | D:4      | Noticed Eustachio
  4675 | D:4      | Killed Eustachio
  4675 | D:4      | Reached XP level 7. HP: 26/56 MP: 5/12
  4871 | D:4      | Killed Edmund
  4871 | D:4      | Reached skill level 1 in Fighting
  5111 | D:4      | Found Ykhaeby's Assorted Antiques.
  5445 | D:5      | Entered Level 5 of the Dungeon
  5727 | D:5      | Noticed Menkaure
  5731 | D:5      | Reached skill level 7 in Necromancy
  5750 | D:5      | Killed Menkaure
  5750 | D:5      | Reached XP level 8. HP: 13/64 MP: 14/14
  5905 | D:5      | Found a sand-covered staircase.
  5912 | Ossuary  | Entered an ossuary
  6077 | D:5      | Found a runed translucent door.
  6078 | D:5      | Noticed Crazy Yiuf
  6146 | D:5      | Killed Crazy Yiuf
  6268 | D:5      | Found Vuninnuf's General Store.
  6271 | D:5      | Noticed Grinder
  6272 | D:5      | Bought a potion of degeneration for 15 gold pieces
  6274 | D:5      | Paralysed by Grinder for 6 turns
  6291 | D:5      | Killed Grinder
  6291 | D:5      | Reached skill level 5 in Axes
  6719 | D:6      | HP: 3/67 [centaur/arrow (6)]
  6795 | D:6      | Got an encrusted scale mail
  6806 | D:6      | Identified the +1 scale mail of the End {Int+3} (You found
                  | it on level 6 of the Dungeon)
  6900 | D:6      | Noticed a hippogriff
  6909 | D:6      | Killed a hippogriff
  7033 | D:6      | Gained mutation: You passively map the area around you.
                  | [Deep Dwarf growth]
  7033 | D:6      | Reached XP level 9. HP: 49/73 MP: 11/15
  7038 | D:6      | Reached skill level 5 in Spellcasting
  7041 | D:6      | Reached skill level 1 in Slings
  7126 | D:6      | Found a staircase to the Ecumenical Temple.
  7166 | Temple   | Entered the Ecumenical Temple
  7189 | Temple   | Became a worshipper of Makhleb the Destroyer
  7519 | D:6      | Reached skill level 1 in Invocations
  7736 | D:6      | Learned a level 4 spell: Animate Dead
  7765 | D:7      | Reached skill level 8 in Necromancy
  8041 | D:7      | Noticed a two-headed ogre
  8051 | D:7      | Killed a two-headed ogre
  8267 | D:7      | Reached skill level 5 in Armour
  8345 | D:7      | Got a translucent lead ring
  8374 | D:7      | Noticed Prince Ribbit
  8441 | D:7      | Reached * piety under Makhleb
  8848 | D:7      | HP: 2/74 [Prince Ribbit (12)]
  8851 | D:7      | Killed Prince Ribbit
  8851 | D:7      | Reached XP level 10. HP: 17/82 MP: 6/18
  9156 | D:9      | Noticed a catoblepas
  9343 | D:8      | Noticed Joseph
  9363 | D:8      | Reached skill level 9 in Necromancy
  9366 | D:8      | Killed Joseph
  9606 | D:8      | Noticed Harold
  9624 | D:8      | Killed Harold
  9988 | D:8      | Learned a level 3 spell: Dazzling Spray
 10209 | D:8      | Reached skill level 1 in Evocations
 10367 | D:8      | Found a runed translucent gate.
 10367 | D:8      | Found a runed translucent gate.
 10368 | D:8      | Found a runed translucent gate.
 10374 | D:8      | Noticed skyle12's ghost (novice MiGl)
 10376 | D:8      | Found a viscous altar of Jiyva.
 10795 | D:9      | Found a runed translucent gate.
 10885 | D:9      | Found a runed translucent gate.
 10885 | D:9      | Found an opulent altar of Gozag.
 10886 | D:9      | Found a runed translucent gate.
 10888 | D:9      | Noticed mumawa's ghost (journeyman HaFi)
 10892 | D:9      | Found Jedoof's Assorted Antiques.
 10952 | D:9      | Slain by a catoblepas

Levels and vault maps discovered:
D:1:      ldierk_water_garden, layout_basic
D:2:      minmay_chambers_of_twos, layout_loops_ring
D:3:      layout_basic, chequers_ecumenical_altar_simple, trog_butcher_becter,
          uniq_terence
D:4:      layout_cave_pools, serial_shops, nicolae_shop_behind_doors,
          st_stairs_5, kennysheep_opposing_triangles, uniq_edmund,
          uniq_eustachio
D:5:      layout_rooms, portal_sewer_entry_c, chequers_ossuary_entry_cave,
          serial_shops, nicolae_shop_stone, first_ration, uniq_menkaure,
          uniq_crazy_yiuf_cottage, uniq_grinder
D:6:      layout_basic, temple_pool_b, serial_curves, eino_curves_04,
          eino_curves_01, eino_curves_04
D:7:      layout_gridville, minmay_bent, uniq_prince_ribbit1
D:8:      layout_layer_cave, gammafunk_ghost_ooze, uniq_joseph, uniq_harold
D:9:      layout_cave_pools, kennysheep_mini, ebering_ghost_gozag
Temple:   compressed_dpeg_triangle_lava_temple

Skill      XL: |  1  2  3  4  5  6  7  8  9 10 |
---------------+-------------------------------+-----
Spellcasting   | 2 3 4 6 |  6.7
Necromancy     | 5 6 7 8 9 |  9.6
Armour         | 1 2 3 5 |  5.8
Stealth        | 3 |  3.4
Axes           | 2 4 5 6 7 |  7.3
Shields        | 1 2 3 4 |  4.0
Fighting       | 1 2 3 |  3.7
Dodging        | 3 |  3.5
Slings         | 1 |  1.6
Invocations    | 3 4 |  4.0
Evocations     | 2 |  2.2
Polearms       | |  0.4
Crossbows      | |  0.6

Action                   |  1- 3 |  4- 6 |  7- 9 | 10-12 || total
-------------------------+-------+-------+-------+-------++-------
Melee: Unarmed           |     9 |       |       |       ||     9
       Club              |     9 |       |       |       ||     9
       Dagger            |    46 |       |       |       ||    46
       Spear             |    26 |    56 |       |       ||    82
       Battleaxe         |       |    89 |   278 |    56 ||   423
       Flail             |       |     4 |       |       ||     4
 Fire: Hunting sling     |       |    13 |    31 |       ||    44
       Hand crossbow     |       |       |       |    13 ||    13
 Cast: Pain              |    33 |    19 |     5 |       ||    57
       Animate Skeleton  |     6 |     2 |     3 |     2 ||    13
       Vampiric Draining |     1 |    45 |   110 |    52 ||   208
       Animate Dead      |       |       |       |     2 ||     2
 Abil: Heal Wounds       |     2 |       |     2 |     1 ||     5
  Use: Scroll            |       |     8 |       |     6 ||    14
       Potion            |       |       |     2 |     4 ||     6
 Stab: Sleeping          |    12 |     1 |       |       ||    13
       Distracted        |       |       |     1 |     2 ||     3
  Eat: Chunk             |     3 |    15 |    13 |     6 ||    37
       Ration            |       |       |     2 |     3 ||     5
Armor: Robe              |    10 |       |       |       ||    10
       Leather armour    |    17 |   107 |    58 |       ||   182
       Scale mail        |       |       |   141 |    82 ||   223
Dodge: Dodged            |    70 |   182 |   281 |    84 ||   617
